 Dungeon Crawl Stone Soup version 0.22.1-6-g1668fe2c40 (webtiles) character file.

60 Kisielow the Slasher (level 3, -7/31 HPs)
             Began as a Minotaur Fighter on Jan 28, 2019.
             Mangled by Natasha (8 damage)
             ... on level 3 of the Dungeon.
             The game lasted 00:02:56 (1451 turns).

Kisielow the Slasher (Minotaur Fighter)             Turns: 1451, Time: 00:02:57

Health: -7/31      AC:  6    Str: 21    XL:     3   Next: 80%
Magic:  2/2        EV:  7    Int:  5    God:
Gold:   36         SH:  9    Dex:  9    Spells: 2/2 levels left

rFire    + . .     SeeInvis .   a - +0 long sword
rCold    . . .     Gourm    .   c - +0 shield
rNeg     . . .     Faith    .   b - +0 scale mail
rPois    .         Spirit   .   (helmet restricted)
rElec    .         Reflect  .   (no cloak)
rCorr    .         Harm     .   (no gloves)
MR       .....                  (no boots)
Stlth    ..........             (no amulet)
HPRegen  0.10/turn              k - ring of protection from fire
MPRegen  0.08/turn              (no ring)

@: slowed, very slow
A: retaliatory headbutt, horns 2
a: no special abilities


You were on level 3 of the Dungeon.
You were not hungry.

You visited 1 branch of the dungeon, and saw 3 of its levels.

You collected 36 gold pieces.

Inventory:

Hand Weapons
 a - a +0 long sword (weapon)
Armour
 b - a +0 scale mail (worn)
 c - a +0 shield (worn)
Jewellery
 k - a ring of protection from fire (left hand)
Scrolls
 e - a scroll of identify
 i - 3 scrolls of remove curse
 j - 3 scrolls of blinking {unknown}
 n - a scroll of immolation {unknown}
Potions
 d - a potion of might
 h - a potion of heal wounds {unknown}
 l - a potion of curing {unknown}
 m - a potion of brilliance {unknown}
 o - 2 potions of haste
Comestibles
 f - 7 rations


   Skills:
 - Level 3.6 Fighting
 + Level 5.1 Long Blades
 - Level 3.6 Armour
 - Level 3.6 Shields


You had 2 spell levels left.
You didn't know any spells.
Your spell library was empty.

Dungeon Overview and Level Annotations

Branches:
Dungeon (3/15)

Altars:

Annotations:
D:3 Natasha


Innate Abilities, Weirdness & Mutations

You reflexively headbutt those who attack you in melee.
You have a pair of horns on your head.


Message History

You closely miss something. Your headbutt misses something.
Something claws you but does no damage. You block something's attack.
You miss something. Your headbutt misses something. Something claws you.
You closely miss something. You block something's attack. Something claws you.
You barely miss something. Something claws you. x2
You miss something. Something claws you!
* * * LOW HITPOINT WARNING * * *
Your shield prevents you from hitting something.
Your headbutt misses something.
You hear some strange, mumbled words.
Something claws you.
* * * LOW HITPOINT WARNING * * *
You closely miss something. Something completely misses you.
You hear some strange, mumbled words.
The crimson imp hits you but does no damage.
Something claws you.
* * * LOW HITPOINT WARNING * * *
There is a stone staircase leading up, spattered with blood here.
Something claws you!
You die...

#. #. # # ##.
.### .. .. ...
...###.###.#
...........###
.......5.....###
#.@.5......
####..##### .>#
..# ..# ... .###
..


You could see 2 crimson imps.

Vanquished Creatures
  2 adders (D:2)
  An ooze (D:1)
  2 leopard geckos
  8 bats
  4 goblins (D:1)
  3 hobgoblins
  A ball python (D:1)
  5 frilled lizards
  8 kobolds
  4 rats
38 creatures vanquished.

Notes
Turn   | Place    | Note
-------+----------+-------------------------------------------
     0 | D:1      | Kisielow the Minotaur Fighter began the quest for the Orb.
     0 | D:1      | Reached XP level 1. HP: 19/19 MP: 0/0
    72 | D:1      | Reached skill level 3 in Long Blades
   171 | D:1      | Reached XP level 2. HP: 26/26 MP: 1/1
   556 | D:1      | Reached skill level 4 in Long Blades
   725 | D:1      | Reached XP level 3. HP: 31/31 MP: 2/2
  1134 | D:2      | Reached skill level 5 in Long Blades
  1436 | D:3      | Noticed Natasha
  1450 | D:3      | HP: 1/31 [something (6)]
  1451 | D:3      | Mangled by Natasha

Skill      XL: |  1  2  3 |
---------------+----------+-----
Long Blades    | 3 4 5 |  5.1
Fighting       | |  3.6
Armour         | |  3.6
Shields        | |  3.6

Action                   || total
-------------------------++-------
Melee: Long sword        ||    82
       Headbutt          ||     7
  Use: Scroll            ||     2
  Eat: Chunk             ||     2
Armor: Scale mail        ||    28
Dodge: Dodged            ||    24
Block: Shield            ||    41
       Rpst.: Long sword ||     7
